Map: Abyssal Reef LE

Players

Winthrowe - Winner!

  • Race: Terran Terran
  • Spawn Location: 11:00

A.I. 1 (Hard)

  • Race: Zerg Zerg
  • Spawn Location: 5:00

VOD

Have the link to the VOD?

Description

Time

  • Played on: Aug. 16, 2017, 10:37 p.m.
  • Length: 16:35
Show
View Real Time Build Order
Export as new Build Order

Winthrowe Terran - Winner!

Build Orders:  

Get SALT Encoding   

  12  0:06  SCV  
  13  0:22  SCV  
  13  0:23  Supply Depot  
  14  0:34  SCV  
  15  0:46  SCV  
  15  0:48  Barracks  
  16  0:58  SCV  
  17  1:12  SCV  
  18  1:27  SCV  
  18  1:31  Command Center  
  19  1:33  Refinery  
  19  1:39  Supply Depot  
  19  1:40  SCV  
  20  2:21  Bunker  
  20  2:43  Barracks Reactor  
  20  2:51  Orbital Command  
  20  2:57  SCV  
  21  3:09  SCV  
  22  3:21  SCV  
  22  3:25  Engineering Bay  
  23  3:28  Marine  
  23  3:29  Marine  
  23  3:33  SCV  
  26  3:45  SCV  
  26  3:46  Marine  
  26  3:47  Marine  
  29  3:58  SCV  
  30  4:04  Marine x2, Engineering Bay  
  32  4:11  Terran Infantry Weapons Level 1  
  32  4:22  Marine x2  
  34  4:32  Factory  
  34  4:33  Refinery  
  34  4:34  Terran Infantry Armor Level 1  
  34  4:43  Marine x2  
  36  5:01  Marine x2  
  36  5:03  Barracks  
  38  5:19  Marine x2, Planetary Fortress  
  32  5:36  Marine  
  32  5:37  Marine  
  34  5:53  Supply Depot  
  34  5:54  Marine  
  34  5:55  Marine  
  36  6:00  Barracks Tech Lab  
  36  6:12  Marine x2  
  36  6:15  Supply Depot  
  38  6:20  Starport  
  38  6:30  Marine x2  
  40  6:35  Marauder  
  40  6:39  Supply Depot  
  42  6:48  Marine x2  
  42  6:52  Armory  
  44  6:56  Marauder  
  46  7:02  Supply Depot  
  46  7:05  Marine  
  46  7:06  Marine  
  48  7:10  Refinery  
  48  7:18  Marauder  
  48  7:21  Concussive Shells  
  50  7:23  Marine  
  50  7:24  Marine, Supply Depot  
  52  7:37  Starport Reactor  
  52  7:39  Marauder  
  52  7:41  Marine  
  52  7:42  Marine  
  56  7:46  Supply Depot  
  56  7:59  Marine x2  
  56  8:01  Marauder  
  56  8:05  Stimpack  
  60  8:08  Terran Infantry Armor Level 2  
  60  8:09  Terran Infantry Weapons Level 2, Supply Depot  
  60  8:20  Marine x2  
  60  8:22  Marauder  
  64  8:31  Supply Depot  
  64  8:37  Marine  
  64  8:38  Marine  
  66  8:43  Marauder  
  68  8:55  Marine  
  68  8:56  Marine  
  70  9:05  Marauder  
  70  9:07  Terran Vehicle And Ship Armor Level 1  
  72  9:13  Marine  
  72  9:14  Marine  
  72  9:17  Medivac x2  
  78  9:26  Marauder  
  80  9:35  Supply Depot  
  80  9:47  Viking x2, SCV  
  80  9:48  SCV, Marauder  
  88  9:57  Supply Depot  
  88  10:05  Combat Shields  
  88  10:09  Marauder  
  90  10:20  Supply Depot  
  90  10:30  Marauder  
  83  10:43  Supply Depot  
  77  10:52  Marauder  
  78  11:07  Marine  
  78  11:08  Marine  
  78  11:10  Viking  
  78  11:11  Viking  
  84  11:13  Marauder  
  86  11:25  Marine  
  86  11:26  Marine  
  88  11:34  Marauder  
  90  11:40  Viking  
  90  11:41  Viking, SCV x2  
  90  11:43  Marine x2  
  98  11:53  SCV x2  
  100  11:56  Marauder  
  100  12:01  Marine x2  
  93  12:05  SCV x2  
  95  12:10  Viking  
  95  12:13  Unknown  
  97  12:17  SCV, Marauder  
  97  12:18  SCV  
  101  12:29  SCV  
  100  12:30  SCV  
  100  12:37  Marine x2  
  101  12:39  Marauder  
  101  12:41  Medivac  
  101  12:42  Medivac  
  109  12:54  Marine  
  109  12:55  Marine  
  111  13:00  Marauder  
  113  13:12  Marine  
  112  13:13  Marine  
  114  13:21  Marauder  
  114  13:25  Unknown  
  116  13:28  Terran Infantry Weapons Level 3  
  116  13:30  Marine, Terran Infantry Armor Level 3  
  116  13:31  Marine  
  118  13:43  Marauder  
  118  13:48  Marine x2  
  122  14:04  Marauder  
  122  14:06  Marine x2  
  122  14:26  Marauder  
  124  14:46  Marine  
  125  15:02  Marine x2  
  125  15:05  Viking x2, Marauder  
  133  15:19  Marine  
  133  15:20  Marine  
  135  15:26  Marauder  
  137  15:35  Viking x2  
  141  15:37  Marine  
  142  15:50  Supply Depot  
  142  16:11  Marine x2, Marauder  
  150  16:19  Supply Depot  
Show
View Real Time Build Order
Export as new Build Order

A.I. 1 (Hard) Zerg 

Build Orders: Pool First 

Get SALT Encoding   

  12  0:01  Drone  
  13  0:12  Overlord  
  13  0:16  Drone  
  14  0:31  Drone  
  14  0:32  Drone  
  16  0:42  Spawning Pool  
  16  0:46  Drone  
  16  0:50  Drone  
  16  0:52  Extractor  
  16  0:56  Drone  
  17  1:06  Overlord  
  17  1:30  Queen  
  17  1:31  Zergling x2  
  20  1:36  Roach Warren  
  20  1:38  Drone  
  20  1:42  Extractor  
  20  1:43  Zergling x2  
  20  1:49  Drone  
  21  2:00  Drone  
  22  2:07  Lair  
  22  2:18  Roach  
  24  2:26  Drone  
  25  2:34  Overlord  
  25  2:39  Drone  
  26  2:45  Roach  
  28  2:57  Roach  
  30  3:00  Overlord  
  30  3:10  Hydralisk Den  
  30  3:12  Drone  
  30  3:18  Roach  
  32  3:29  Roach  
  34  3:37  Overlord  
  34  3:40  Hydralisk  
  36  3:52  Roach  
  38  3:57  Drone  
  38  4:02  Drone  
  40  4:03  Hydralisk  
  40  4:08  Drone  
  43  4:13  Drone  
  43  4:14  Hydralisk  
  46  4:17  Overlord  
  46  4:21  Drone  
  47  4:30  Drone  
  48  4:32  Baneling Nest  
  47  4:40  Hydralisk, Evolution Chamber  
  47  4:45  Drone  
  49  4:46  Drone  
  50  5:28  Zergling x2  
  50  6:14  Zerg Melee Weapons Level 1, Overseer x2, Queen  
  50  6:17  Evolution Chamber  
  51  6:18  Spore Crawler  
  51  6:19  Drone  
  51  6:20  Spore Crawler, Drone  
  51  6:21  Infestation Pit  
  51  6:22  Drone  
  51  6:23  Hatchery  
  51  6:24  Drone  
  50  6:42  Zerg Ground Armor Level 1  
  50  6:43  Spine Crawler  
  50  6:44  Drone  
  50  6:46  Spine Crawler  
  49  6:47  Drone  
  49  6:51  Burrow  
  50  6:56  Spire  
  49  7:20  Ravager x2  
  49  7:21  Ravager, Roach  
  54  7:35  Queen, Drone  
  57  7:37  Drone  
  57  7:38  Drone  
  57  7:40  Drone  
  57  7:41  Drone  
  57  7:43  Drone  
  61  7:46  Extractor, Drone  
  61  7:47  Spore Crawler  
  61  7:49  Spore Crawler  
  61  7:50  Drone  
  60  7:55  Drone  
  61  8:00  Overlord  
  61  8:03  Drone  
  62  8:06  Drone  
  62  8:08  Zerg Missile Weapons Level 1, Drone  
  62  8:11  Drone  
  65  8:14  Drone  
  65  8:16  Drone  
  65  8:19  Drone  
  68  8:23  Overlord  
  68  8:26  Drone  
  69  8:29  Drone  
  69  8:31  Drone  
  72  8:34  Drone  
  72  8:36  Drone  
  72  8:38  Drone  
  74  8:42  Drone  
  74  8:45  Overlord  
  74  8:47  Drone  
  76  8:53  Spine Crawler  
  76  8:55  Overseer  
  75  8:59  Spine Crawler  
  74  9:44  Extractor  
  73  10:06  Drone  
  74  10:07  Overlord, Drone  
  75  10:32  Pneumatized Carapace, Overlord, Zergling x2  
  75  10:33  Overseer, Zerg Melee Weapons Level 2, Overlord x2  
  75  10:34  Mutalisk  
  78  10:37  Mutalisk  
  78  10:41  Hatchery, Zergling x2  
  76  10:44  Zergling x2, Metabolic Boost  
  76  10:46  Mutalisk  
  76  10:49  Mutalisk  
  68  10:52  Zergling x2  
  68  10:55  Zergling x2  
  61  10:57  Overseer  
  61  10:58  Zergling x2  
  61  11:01  Zergling x2  
  61  11:04  Mutalisk  
  63  11:07  Zergling x2  
  63  11:10  Mutalisk  
  63  11:12  Mutalisk, Overseer  
  63  11:15  Mutalisk  
  63  11:17  Hive  
  65  11:19  Zergling x2  
  65  11:22  Zergling x2  
  65  11:24  Mutalisk  
  66  11:28  Zergling x2  
  66  11:31  Zergling x2  
  68  11:33  Mutalisk  
  68  11:36  Mutalisk  
  72  11:40  Baneling x2, Zergling x2  
  72  11:43  Baneling, Zergling x2  
  72  11:46  Centrifical Hooks, Baneling  
  74  11:53  Drone  
  75  11:55  Drone  
  75  11:56  Zergling x2, Drone  
  75  11:58  Drone  
  75  11:59  Zergling x2, Drone  
  72  12:01  Drone  
  72  12:02  Extractor, Zergling x2  
  72  12:03  Drone  
  72  12:05  Zergling x2, Drone  
  72  12:07  Spore Crawler  
  62  12:08  Zergling x2  
  62  12:09  Spore Crawler  
  62  12:11  Zergling x2  
  62  12:13  Mutalisk  
  60  12:17  Mutalisk, Overlord  
  60  12:20  Mutalisk  
  64  12:24  Zergling x2  
  64  12:27  Baneling x4  
  64  12:30  Mutalisk, Overseer x2  
  64  12:33  Zergling x2  
  64  12:36  Zergling x2  
  60  12:41  Drone  
  51  12:45  Drone  
  34  12:51  Baneling  
  34  12:57  Hydralisk  
  32  13:05  Hydralisk  
  30  13:12  Zergling x2  
  33  13:15  Zergling x2, Drone  
  34  13:24  Hydralisk, Drone  
  36  13:32  Hydralisk  
  35  13:37  Zergling x2  
  35  13:39  Overlord  
  35  13:40  Drone  
  29  13:53  Drone  
  29  13:54  Overlord  
  27  13:58  Zergling x2  
  25  14:06  Hatchery  
  25  14:07  Drone  
  22  14:12  Drone  
  22  14:17  Overlord  
  22  14:19  Evolution Chamber  
  22  14:23  Queen  
  21  14:26  Drone  
  17  14:38  Overlord  
  16  14:41  Queen x2  
  15  14:56  Drone  
  16  15:08  Queen  
  16  15:09  Spawning Pool  
  15  15:19  Overlord  
  15  15:32  Evolution Chamber  
  10  15:57  Zergling x2  
  11  16:15  Overlord, Drone  
  11  16:17  Drone  
Tags
 
Matchup
TvZ
Opening
Pool First
Spawn Locations
Cross Positions
Add a new tag
Caveats
  • Supply blocks, unpowered buildings, or Contaminate may cause inaccurate times.
  • Supply counts are checked every 10 seconds.